 Dungeon Crawl Stone Soup version 0.24-a0-235-g3f03afc (webtiles) character file.

Game seed: 9069204841976947024

75 Inarius the Chopper (level 4, -1/29 HPs)
             Began as a Gargoyle Berserker on Apr 5, 2019.
             Was a Believer of Trog.
             Slain by a hobgoblin
             ... wielding a +0 club
              (3 damage)
             ... on level 2 of the Dungeon.
             The game lasted 00:02:31 (1137 turns).

Inarius the Chopper (Gargoyle Berserker)            Turns: 1137, Time: 00:02:32

Health: -1/29      AC:  5    Str: 22    XL:     4   Next: 31%
Magic:  4/4        EV: 12    Int:  7    God:    Trog [**....]
Gold:   14         SH:  0    Dex:  9    Spells: 3/3 levels left

rFire    . . .     SeeInvis .   a - +0 hand axe
rCold    . . .     Gourm    .   (no shield)
rNeg     + . .     Faith    .   b - +0 animal skin
rPois    ∞         Spirit   .   (no helmet)
rElec    +         Reflect  .   (no cloak)
rCorr    .         Harm     .   (no gloves)
MR       .....                  (no boots)
Stlth    +.........             (no amulet)
HPRegen  0.09/turn              (no ring)
MPRegen  0.09/turn              (no ring)

@: berserk cooldown, slowed, very slow
A: negative energy resistance 1, electricity resistance, unbreathing,
petrification resistance, rot immunity, AC +3
a: Berserk, Trog's Hand, Renounce Religion


You were on level 2 of the Dungeon.
You worshipped Trog.
Trog was pleased with you.
You were very hungry.

You visited 1 branch of the dungeon, and saw 2 of its levels.

You collected 14 gold pieces.

Inventory:

Hand Weapons
 a - a +0 hand axe (weapon)
Armour
 b - a +0 animal skin (worn)
Scrolls
 e - a scroll of random uselessness {unknown}
 g - a scroll of fog {unknown}
 h - a scroll of blinking {unknown}
Potions
 f - 2 potions of flight {unknown}
Comestibles
 c - a ration


   Skills:
 + Level 3.7 Fighting
 * Level 4.0 Axes
 + Level 2.3 Armour
 + Level 1.9 Dodging


You had 3 spell levels left.
You didn't know any spells.
Your spell library was empty.

Dungeon Overview and Level Annotations

Branches:
Dungeon (2/15)

Altars:


Innate Abilities, Weirdness & Mutations

You are resistant to torment.
Your stone body is resilient. (AC +3)
You are immune to poison.
You resist negative energy. (rN+)
You are resistant to electric shocks. (rElec)
You can survive without breathing.
You are immune to petrification.
You are immune to rotting.


Message History

The quokka bites you. The adder bites you but does no damage.
The quokka barely misses you. The hobgoblin hits you with a +0 club.
The leopard gecko bites you but does no damage.
Unknown command.
Unknown command.
You miss the adder.
The adder is heavily wounded.
You closely miss the hobgoblin. You hit the leopard gecko. You hit the quokka.
You kill the quokka!
Trog accepts your kill. The adder bites you but does no damage.
The leopard gecko bites you.
* * * LOW HITPOINT WARNING * * *
The adder bites you.
* * * LOW HITPOINT WARNING * * *
The hobgoblin hits you but does no damage.
The leopard gecko closely misses you. The adder closely misses you.
Unknown command.
Unknown command.
The hobgoblin hits you with a +0 club.
You die...

#.......#
#####.......#
#...........
#..........
#......... #
##........####?#
#.......).#.....
#......†Sg..#.##
#.......l@.....#
##........####..#
..........#### .
.#####'#†...#
#.....#....#
#.#####.....[#
#.# #......# #.#
#.###..# #.# #.#
..#


You could see an adder, a leopard gecko and a hobgoblin.

Vanquished Creatures
  An adder (D:2)
  An ooze (D:1)
  3 dart slugs
  3 leopard geckos (D:1)
  8 bats (D:1)
  7 giant cockroaches (D:1)
  6 goblins
  5 hobgoblins
  4 jackals (D:1)
  A quokka (D:2)
  A ball python (D:1)
  2 frilled lizards (D:1)
  3 kobolds
  2 rats (D:2)
47 creatures vanquished.

Notes
Turn   | Place    | Note
-------+----------+-------------------------------------------
     0 | D:1      | Inarius the Gargoyle Berserker began the quest for the Orb.
     0 | D:1      | Reached XP level 1. HP: 14/14 MP: 1/1
   218 | D:1      | Reached XP level 2. HP: 19/19 MP: 2/2
   287 | D:1      | Reached skill level 3 in Axes
   398 | D:1      | Reached XP level 3. HP: 24/24 MP: 3/3
   632 | D:1      | Reached ** piety under Trog
  1100 | D:2      | Reached XP level 4. HP: 22/29 MP: 4/4
  1125 | D:2      | Reached skill level 4 in Axes
  1137 | D:2      | Slain by a hobgoblin

Levels and vault maps discovered:
D:1:      dpeg_arrival_rooms_a, layout_basic, minmay_worlds_worst_comb
D:2:      layout_basic, first_ration, uniq_robin

Skill      XL: |  1  2  3  4 |
---------------+-------------+-----
Axes           | 3 4 |  4.0
Fighting       | |  3.7
Armour         | |  2.3
Dodging        | |  1.9

Action                   |  1- 3 |  4- 6 || total
-------------------------+-------+-------++-------
Melee: Hand axe          |   121 |    15 ||   136
Invok: Berserk           |     2 |     1 ||     3
  Eat: Chunk             |     2 |       ||     2
Armor: Animal skin       |    52 |    14 ||    66
Dodge: Dodged            |    93 |    31 ||   124

Table legend:
 A = Non-vault XP
 B = Vault XP
 C = Vault XP percentage of total XP
 D = Non-vault monster count
 E = Vault monster count
 F = Vault count percentage of total count
                 A         B        C        D         E       F
            +---------+---------+-------+---------+---------+-------
      Total |      98 |      10 |   9.3 |      42 |       5 |  10.6
            +---------+---------+-------+---------+---------+-------
        D:1 |      70 |      10 |  12.5 |      33 |       5 |  13.2
        D:2 |      28 |       0 |   0.0 |       9 |       0 |   0.0
            +---------+---------+-------+---------+---------+-------
